 Dungeon Crawl Stone Soup version 0.26-b1-32-g5d43845318 (webtiles) character file.

Game seed: 18298982474865830119

23274 Borgoz the Basher (level 13, -4/82 HPs)
             Began as a Gargoyle Gladiator on Jan 11, 2021.
             Killed by mirror damage (14 damage)
             ... on level 12 of the Dungeon.
             The game lasted 00:21:59 (13032 turns).

Borgoz the Basher (Gargoyle Gladiator)             Turns: 13032, Time: 00:21:59

Health: -4/82      AC: 20    Str: 22    XL:     13   Next: 5%
Magic:  13/13      EV: 22    Int: 10    God:
Gold:   1077       SH:  5    Dex: 17    Spells: 12/12 levels left

rFire    . . .     SeeInvis .   d - +3 dire flail (drain)
rCold    + + .     Faith    .   (shield currently unavailable)
rNeg     + . .     Spirit   .   m - +0 ring mail
rPois    ∞         Reflect  +   c - +1 helmet
rElec    +         Harm     .   D - scarf {repulsion}
rCorr    .         Rampage  .   (no gloves)
Will     .....                  b - +0 pair of boots "Mulicos" {rPois rC+ Str+4 Dex+2}
Stlth    +.........             r - amulet of reflection
HPRegen  0.23/turn              g - +4 ring of evasion
MPRegen  0.13/turn              C - ring of protection from cold

@: studying Shields, repel missiles
A: negative energy resistance 1, electricity resistance, unbreathing,
petrification resistance, miasma immunity, AC +9
a: no special abilities


You were on level 12 of the Dungeon.
You visited 2 branches of the dungeon, and saw 14 of its levels.
You also visited: Bailey.

You collected 1077 gold pieces.

Inventory:

Hand Weapons
 d - a +3 dire flail of draining (weapon)
 t - a +2 great mace of holy wrath
Armour
 b - the +0 pair of boots "Mulicos" (worn) {rPois rC+ Str+4 Dex+2}
   (You acquired it in a bailey)

   It affects your strength (+4).
   It affects your dexterity (+2).
   It protects you from cold.
   It protects you from poison.
 c - a +1 helmet (worn)
 m - a +0 ring mail (worn)
 D - a scarf of repulsion (worn)
Jewellery
 g - a +4 ring of evasion (left hand)
 k - an uncursed ring of flight
 r - an amulet of reflection (around neck)
 v - an uncursed ring of see invisible
 C - a ring of protection from cold (right hand)
Wands
 h - a wand of disintegration (10)
 o - a wand of polymorph (7)
 z - a wand of flame (15)
Scrolls
 f - 3 scrolls of magic mapping
 i - 16 scrolls of remove curse
 l - 5 scrolls of enchant armour
 n - a scroll of enchant weapon
 q - 2 scrolls of teleportation
 y - 4 scrolls of identify
 A - a scroll of fear
Potions
 j - 4 potions of haste
 p - a potion of mutation
 s - 4 potions of flight
 x - a potion of brilliance
 B - a potion of cancellation
Books
 a - a manual of Shields
 e - a manual of Shields


   Skills:
 * Level 10.2 Fighting
 * Level 12.4 Maces & Flails
 - Level 1.7 Throwing
 * Level 10.0 Armour
 * Level 10.7 Dodging


You had 12 spell levels left.
You didn't know any spells.
Your spell library contained the following spells:

 Spells                   Type           Power        Failure   Level
 Animate Skeleton         Necr           0%           50%         1
 Apportation              Tloc           0%           50%         1
 Corona                   Hex            0%           50%         1
 Shock                    Conj/Air       0%           50%         1
 Summon Small Mammal      Summ           0%           50%         1
 Spider Form              Tmut/Pois      0%           86%         3
 Static Discharge         Conj/Air       0%           86%         3
 Hailstorm                Conj/Ice       0%           99%         4
 Iskenderun's Mystic Bla  Conj/Tloc      0%           99%         4
 Yara's Violent Unravell  Hex/Tmut       0%           100%        5


Dungeon Overview and Level Annotations

Branches:
Dungeon (13/15) Temple (1/1) D:4 Lair (0/6) D:10 Orc (0/2) D:9 Vaults (0/5) D:12 D:13 Bailey (visited)

Altars:
Ashenzari
Cheibriados
Dithmenos
Elyvilon
Fedhas
Gozag
Hepliaklqana
Kikubaaqudgha
Makhleb
Nemelex Xobeh
Okawaru
Qazlal
Ru
Sif Muna
Trog
Uskayaw
Vehumet
Wu Jian
Xom
Yredelemnul
Zin
The Shining One

Shops:
D:7 }

Portals:
Trove: D:10 (give 4 potions of resistance)


Innate Abilities, Weirdness & Mutations

You are resistant to torment.
Your stone body is resilient. (AC +9)
You are immune to poison.
You resist negative energy. (rN+)
You are resistant to electric shocks. (rElec)
You can survive without breathing.
You are immune to petrification.
You are immune to miasma.


Message History

You feel invigorated. The death knight completely misses you.
You bump into the rock wall.
You thump the death knight!
The death knight is heavily wounded.
The death knight reflects your damage back at you!
* * * LOW HITPOINT WARNING * * *
The death knight hits you but does no damage.
You miss the death knight.
The death knight is heavily wounded.
You feel less invigorated.
You feel less confused.
You sock the death knight!
The death knight is heavily wounded.
The death knight reflects your damage back at you!
* * * LOW HITPOINT WARNING * * *
You block the death knight's attack.
You impale the death knight!!
The death knight is almost dead.
The death knight reflects your damage back at you!
You die...

#....#....######....#####.#
#....#.###### #.o..# #..
#....#......####.(..# ##.
#<.....####.........# ##
#####.## #####.....# #.#
#.....# # #[# ###.### #
#.###########.### #
#.)...@p........# #
#.############### # ### # #
#


You could see a death knight (reflects damage, drained).

Vanquished Creatures
  Rupert (D:12)
  A boulder beetle (D:11)
  A centaur warrior (D:12)
  Urug (D:12)
  3 two-headed ogres
  A skeletal warrior (D:12)
  An orc knight (Bailey)
  2 cyclopes
  A komodo dragon (D:10)
  2 freezing wraiths (D:12)
  A queen bee (D:9)
  A troll (D:10)
  A hornet (D:12)
  4 wraiths
  Sigmund (D:4)
  10 yaks
  15 humans (D:12)
  Edmund (D:5)
  Menkaure (D:4)
  A water moccasin (D:11)
  17 orc warriors
  3 ice beasts
  7 black bears
  5 phantoms
  2 eyes of draining
  6 sky beasts
  2 necrophages
  6 ogres
  5 centaurs
  2 big kobolds
  Blork the orc (D:4)
  11 bullfrogs
  5 scorpions
  A troll zombie (D:9)
  29 killer bees
  8 howler monkeys
  A bullfrog zombie (D:10)
  3 centaur zombies
  3 jellies
  A quasit (D:8)
  4 hounds
  2 bullfrog skeletons (D:7)
  7 orc priests
  4 iguanas
  14 orc wizards
  5 worker ants
  5 ogre zombies (D:9)
  A howler monkey zombie (D:8)
  3 worker ant zombies
  12 gnolls
  13 adders
  2 shadow imps
  3 white imps
  2 ufetubi (D:5)
  5 oozes
  An adder skeleton (D:5)
  3 worms
  3 dart slugs
  A leopard gecko (D:9)
  48 orcs
  2 ball pythons
  3 bats
  6 giant cockroaches
  12 goblins
  7 hobgoblins
  11 jackals
  10 kobolds
  3 quokkas
  7 frilled lizards
  A goblin skeleton (D:9)
  3 hobgoblin zombies (D:9)
  A jackal skeleton (D:6)
  A leopard gecko skeleton (D:4)
  A leopard gecko zombie (D:7)
  2 orc skeletons (D:9)
  11 orc zombies (D:9)
  A quokka skeleton (D:5)
  A quokka zombie (D:5)
  15 rats
404 creatures vanquished.

Vanquished Creatures (others)
  A human (D:13)
  An orc warrior (Bailey)
  A hobgoblin zombie (D:9)
  An orc zombie (D:9)
  31 fungi (D:10)
  33 plants (D:10)
68 creatures vanquished.

Grand Total: 472 creatures vanquished

Notes
Turn   | Place    | Note
-------+----------+-------------------------------------------
     0 | D:1      | Borgoz the Gargoyle Gladiator began the quest for the Orb.
     0 | D:1      | Reached XP level 1. HP: 12/12 MP: 1/1
    91 | D:1      | Reached XP level 2. HP: 14/17 MP: 2/2
   275 | D:1      | You fall into a shaft and drop 1 floor!
   478 | D:2      | Reached skill level 1 in Armour
   478 | D:2      | Reached XP level 3. HP: 22/22 MP: 3/3
   504 | D:2      | Reached XP level 4. HP: 24/27 MP: 4/4
  1649 | D:2      | Found a shimmering blue altar of Sif Muna.
  1956 | D:3      | Reached skill level 4 in Maces & Flails
  1956 | D:3      | Reached XP level 5. HP: 32/32 MP: 5/5
  2534 | D:4      | Noticed Blork the orc
  2548 | D:4      | Killed Blork the orc
  2549 | D:4      | Reached XP level 6. HP: 19/37 MP: 6/6
  2786 | D:4      | Found a broken altar of Ashenzari.
  2796 | D:4      | Found a staircase to the Ecumenical Temple.
  2806 | Temple   | Entered the Ecumenical Temple
  3008 | D:4      | Noticed Sigmund
  3308 | D:4      | Killed Sigmund
  3309 | D:4      | Reached skill level 5 in Maces & Flails
  3309 | D:4      | Reached XP level 7. HP: 22/42 MP: 7/7
  3683 | D:4      | Noticed Menkaure
  3694 | D:4      | Killed Menkaure
  4030 | D:5      | Entered Level 5 of the Dungeon
  4040 | D:5      | Noticed Edmund
  4063 | D:5      | Killed Edmund
  4219 | D:5      | Found an iron altar of Okawaru.
  4262 | D:5      | Found a hazy altar of Hepliaklqana.
  4478 | D:5      | Reached XP level 8. HP: 48/48 MP: 8/8
  4491 | D:5      | Reached skill level 6 in Maces & Flails
  4491 | D:5      | Reached skill level 5 in Dodging
  5171 | D:6      | Reached skill level 5 in Fighting
  5461 | D:6      | Reached skill level 7 in Maces & Flails
  5770 | D:7      | Reached XP level 9. HP: 54/54 MP: 9/9
  5995 | D:7      | Reached skill level 5 in Armour
  6101 | D:7      | Found Cogiaq's Gadget Shoppe.
  6202 | D:7      | Identified the Reference Book on Shape Shifting and Battle
                  | Magic
  6460 | D:7      | Reached skill level 8 in Maces & Flails
  6732 | D:8      | Found a flagged portal.
  6743 | Bailey   | Entered a bailey
  7005 | Bailey   | Reached XP level 10. HP: 38/61 MP: 10/10
  7346 | Bailey   | Found a roughly hewn altar of Beogh.
  7346 | Bailey   | Noticed an orc knight
  7366 | Bailey   | HP: 3/61 [orc warrior/+0 trident (21)]
  7373 | Bailey   | Reached skill level 9 in Maces & Flails
  7384 | Bailey   | Killed an orc knight
  7675 | Bailey   | Identified a scroll of acquirement
  7675 | Bailey   | Acquired the +0 pair of boots "Mulicos" {rPois rC+ Str+4
                  | Dex+2}
  8378 | D:8      | Noticed a two-headed ogre
  8383 | D:8      | Killed a two-headed ogre
  8723 | D:9      | Reached skill level 10 in Maces & Flails
  8723 | D:9      | Reached XP level 11. HP: 59/67 MP: 11/11
  8887 | D:9      | Found a staircase to the Orcish Mines.
  8972 | D:9      | Found a radiant altar of Vehumet.
  9721 | D:10     | Entered Level 10 of the Dungeon
  9845 | D:10     | Found a staircase to the Lair.
 10095 | D:10     | Noticed a two-headed ogre
 10107 | D:10     | Killed a two-headed ogre
 10108 | D:10     | Reached skill level 11 in Maces & Flails
 10269 | D:10     | Found a portal to a secret trove of treasure.
 10744 | D:11     | Noticed a boulder beetle
 10756 | D:11     | Killed a boulder beetle
 10877 | D:11     | Reached XP level 12. HP: 39/75 MP: 12/12
 11954 | D:12     | Reached skill level 10 in Dodging
 12040 | D:12     | Noticed a centaur warrior
 12058 | D:12     | Killed a centaur warrior
 12214 | D:12     | Noticed a two-headed ogre
 12251 | D:12     | Killed a two-headed ogre
 12830 | D:13     | Found a gate to the Vaults.
 12830 | D:13     | Noticed Rupert
 12830 | D:13     | Noticed Urug
 12830 | D:13     | Noticed a centaur warrior
 12846 | D:12     | Reached skill level 12 in Maces & Flails
 12935 | D:12     | HP: 2/77 [Urug/+1 double sword of distortion (19)]
 12978 | D:12     | Killed Rupert
 12979 | D:12     | Reached skill level 10 in Fighting
 12979 | D:12     | Reached XP level 13. HP: 31/82 MP: 13/13
 12988 | D:12     | Killed Urug
 12989 | D:12     | Reached skill level 10 in Armour
 13032 | D:12     | Killed by mirror damage

Illustrated notes

Levels and vault maps discovered:
D:1:      dpeg_arrival_castle, layout_basic
D:2:      layout_basic, led_sif_pool
D:3:      layout_rooms, kennysheep_path_1
D:4:      layout_basic, lemuel_doored_altar, minmay_temple_entry_grid,
          uniq_sigmund, uniq_blork_the_orc, uniq_menkaure
D:5:      kennysheep_six_static_rooms, layout_rooms, lemuel_crystal_altar,
          okawaru_trees_2, uniq_edmund
D:6:      layout_loops_ring
D:7:      layout_loops_cross, serial_shops, shop
D:8:      layout_loops_corners, enter_bailey_3, minmay_circle_x
D:9:      layout_rooms, fiery_altar_vehumet, zombieorc1_lemuel, minivault_7
D:10:     layout_big_octagon, due_lair_maze_entry_diamond, enter_trove_2
D:11:     layout_stronghold
D:12:     layout_rooms, drop_trap
D:13:     layout_basic, david_vaults_3, serial_shops, shop,
          ebering_ghost_inner_flame, minmay_guarded_unrand_prune, uniq_nessos,
          uniq_azrael
Temple:   minmay_crystal_spiral_temple

Skill      XL: |  1  2  3  4  5  6  7  8  9 10 11 12 13 |
---------------+----------------------------------------+-----
Armour         | 1 2 3 4 5 7 8 9 10 | 10.0
Dodging        | 3 4 5 7 8 9 10 | 10.7
Fighting       | 3 4 5 6 7 8 10 | 10.2
Maces & Flails | 4 5 7 8 10 11 12 | 12.4
Throwing       | |  1.7

Action                   |  1- 3 |  4- 6 |  7- 9 | 10-12 | 13-15 || total
-------------------------+-------+-------+-------+-------+-------++-------
Melee: Flail             |    86 |   225 |       |       |       ||   311
       Morningstar       |       |    21 |    34 |       |       ||    55
       Dire flail        |       |       |   341 |   882 |    13 ||  1236
Throw: Throwing net      |       |     4 |     2 |       |       ||     6
  Use: Scroll            |       |     1 |    15 |     8 |       ||    24
       Potion            |       |     3 |     2 |     9 |     1 ||    15
 Stab: Held in net/web   |       |     3 |     2 |       |       ||     5
       Sleeping          |       |     1 |       |       |       ||     1
Armor: Leather armour    |    36 |    71 |    10 |       |       ||   117
       Ring mail         |       |       |   128 |   188 |     3 ||   319
Dodge: Dodged            |    73 |   228 |   431 |   835 |     2 ||  1569
Block: Other             |       |       |       |   164 |     2 ||   166
       Reflection        |       |       |       |     1 |       ||     1
